 Dungeon Crawl Stone Soup version 0.30-b1-2-g02819fbbbe (webtiles) character file.

Game seed: 8956396417063522348

32 Alarkh the Sneak (level 3, 29/29 HPs)
             Began as a Demonspawn Delver on May 22, 2023.
             Quit the game on level 5 of the Dungeon.
             The game lasted 00:00:56 (119 turns).

Alarkh the Sneak (Demonspawn Delver)                 Turns: 119, Time: 00:00:57

Health: 29/29      AC:  3    Str: 11 (12) XL:     3   Next: 10%
Magic:  3/3        EV: 11    Int: 11 (13) God:
Gold:   6          SH:  0    Dex: 14      Spells: 2/2 levels left

rFire   . .          .
                       - Unarmed
rCold   . . .        (no shield)
rNeg    . . .        a - +0 leather armour
rPois   .            (no helmet)
rElec   .            (no cloak)
rCorr   .            (no gloves)
SInv    .            (no boots)
Will    .....        (no amulet)
Stlth   ++           (no ring)
HPRegen 0.24/turn    (no ring)
MPRegen 0.08/turn

%: no passive effects
@: no status effects
A: hooves 1
a: no special abilities


You were on level 5 of the Dungeon.
You visited 1 branch of the dungeon, and saw 1 of its levels.

You collected 6 gold pieces.

Inventory:

Armour
 a - a +0 leather armour (worn)
Wands
 f - a wand of digging (3)
 g - a wand of mindburst (8)
Scrolls
 b - a scroll of fog
 c - a scroll of magic mapping
 d - a scroll of fear
Potions
 e - a potion of haste


   Skills:
 - Level 3.0 Fighting
 - Level 1.7 Dodging
 - Level 4.5 Stealth
 + Level 3.3 Unarmed Combat


You had 2 spell levels left.
You didn't know any spells.
Your spell library was empty.

Dungeon Overview and Level Annotations

Branches:
Dungeon (5/15)
 Temple: D:4-7

Altars:
Vehumet

Annotations:
D:5 exclusion: jelly


Innate Abilities, Weirdness & Mutations

You have large cloven feet.


Message History

The ufetubus shouts!
It was a potion of degeneration.
There was something very wrong with that liquid.
You feel weakened.
You feel dopey.
You feel clumsy.
It was a potion of heal wounds.
You feel much better.
The ufetubus hits you but does no damage. x2
Aiming: Mindburst
Press: ? - help, Shift-Dir - straight line, f - ufetubus
Aim: an ufetubus (chance to affect: 72%)
The ufetubus's mind is blasted!
You blow up the ufetubus!
Your Unarmed Combat skill increases to level 2!
There is a stone staircase leading down here.
Found a ring mail.
A jelly comes into view.
Aiming: Mindburst
Press: ? - help, Shift-Dir - straight line, f - iguana
Aim: an iguana (chance to affect: 72%)
The iguana's mind is blasted!
Aiming: Mindburst
Press: ? - help, Shift-Dir - straight line, f/p - iguana
Aim: an iguana (severely wounded, chance to affect: 72%)
The iguana struggles to resist.
Aiming: Mindburst
Press: ? - help, Shift-Dir - straight line, f/p - iguana
Aim: an iguana (severely wounded, chance to affect: 72%)
The iguana's mind is blasted!
You blow up the iguana!
You feel your dexterity returning.
Your Unarmed Combat skill increases to level 3!
You have reached level 2!
You feel monstrous as your demonic heritage exerts itself.
Your demonic ancestry asserts itself...
Your feet thicken and deform.
You have reached level 3!
Your experience leads to an increase in your attributes!
Your base attributes are Str 12, Int 11, Dex 14.
Increase (S)trength, (I)ntelligence, or (D)exterity?
You feel clever. x2
Are you sure you want to abandon this character and quit the game? (Confirm with "yes".)

..#._.#....#......[....
#.......#..#...........
..#.#.....#............ #
.#.....#................ #.
...#.#..................
#.l........................
#.........................
#..#####.................
#......@.......>........
#......................#
#.....................##
#.....................#
#.....................#
#.....................#
#.....................##
#......................#
#.......................


There were no monsters in sight!

Vanquished Creatures
  An iguana (D:5)
  An ufetubus (D:5)
2 creatures vanquished.

Notes
Turn   | Place    | Note
-------+----------+-------------------------------------------
     0 | D:5      | Alarkh the Demonspawn Delver began the quest for the Orb.
     0 | D:5      | Reached XP level 1. HP: 18/18 MP: 1/1
    82 | D:5      | Noticed an iguana
    87 | D:5      | Found a radiant altar of Vehumet.
   107 | D:5      | Noticed a jelly
   118 | D:5      | Killed an iguana
   119 | D:5      | Discovered your monstrous ancestry.
   119 | D:5      | Gained mutation: You have large cloven feet. [demonic
                  | ancestry]
   119 | D:5      | Reached XP level 2. HP: 24/24 MP: 2/2
   119 | D:5      | Reached XP level 3. HP: 29/29 MP: 3/3
   119 | D:5      | Quit the game

Illustrated notes

Levels and vault maps discovered:
D:5:      layout_basic, nicolae_vehumet_radiance, zin_treasury,
          guppyfry_shop_venom

Skill      XL: |  1 |
---------------+----+-----
Unarmed Combat | 3 |  3.3
Fighting       | |  3.0
Dodging        | |  1.7
Stealth        | |  4.5

Action                     || total
---------------------------++-------
  Evoke: Wand              ||     4
    Use: Potion            ||     2
 Armour: Leather armour    ||     2
